 Dungeon Crawl Stone Soup version 0.22-a0-618-gd6a3efe (webtiles) character file.

25 Amnesiac the Magician (level 2, -3/19 HPs)
             Began as a Mummy Earth Elementalist on July 14, 2018.
             Killed by divine providence
             ... invoked by an orc priest
              (14 damage)
             ... on level 2 of the Dungeon.
             The game lasted 00:01:16 (748 turns).

Amnesiac the Magician (Mummy Earth Elementalist)     Turns: 748, Time: 00:01:17

Health: -3/19      AC:  2    Str: 11    XL:     2   Next: 86%
Magic:  2/6        EV: 12    Int: 14    God:
Gold:   57         SH:  0    Dex: 12    Spells: 4/7 levels left

rFire    x . .     SeeInvis .   a - +0 hunting sling
rCold    + . .     Gourm    .   (no shield)
rNeg     + + +     Faith    .   c - +0 robe
rPois    ∞         Spirit   .   (no helmet)
rElec    .         Reflect  .   (no cloak)
rCorr    .         Harm     .   (no gloves)
MR       .....                  (no boots)
Stlth    ++........             (no amulet)
HPRegen  0.06/turn              (no ring)
MPRegen  0.10/turn              (no ring)

@: very slightly contaminated
A: no food or potions, fire vulnerability, cold resistance 1, negative energy
resistance 3, torment resistance, unbreathing
a: no special abilities


You were on level 2 of the Dungeon.
You were not hungry.

You visited 1 branch of the dungeon, and saw 3 of its levels.

You collected 57 gold pieces.

Inventory:

Hand Weapons
 a - a +0 hunting sling (weapon)
Missiles
 b - 38 stones (quivered)
Armour
 c - a +0 robe (worn)
Scrolls
 d - a scroll of noise {!r, unknown}
 e - a scroll of identify {!r, unknown}


   Skills:
 - Level 1.5 Dodging
 - Level 1.5 Stealth
 + Level 3.1 Spellcasting
 - Level 1.0 Transmutations
 * Level 3.1 Earth Magic


You had 4 spell levels left.
You knew the following spells:

 Your Spells              Type           Power        Failure   Level  Hunger
a - Sandblast             Erth           ##....       6%          1    N/A
b - Passwall              Tmut/Erth      #.......     14%         2    N/A

Your spell library contained the following spells:

 Spells                   Type           Power        Failure   Level  Hunger
 Stone Arrow              Conj/Erth      #.....       32%         3    N/A
 Lee's Rapid Deconstruct  Erth           ##........   85%         5    N/A
 Petrify                  Tmut/Erth      #.......     65%         4    N/A

Dungeon Overview and Level Annotations

Branches:
Dungeon (3/15)

Altars:


Innate Abilities, Weirdness & Mutations

You do not eat or drink.
Your flesh is vulnerable to fire.
You are immune to poison.
Your flesh is cold resistant. (rC+)
You are immune to negative energy. (rN+++)
You are immune to unholy pain and torment.
You can survive without breathing.


Message History

Aim: a rat You shoot a stone.
The stone hits the rat.
You kill the rat!
No target in view!
No target in view!
No target in view!
b - 40 stones (gained 1)
You see here a rat corpse.
There is an escape hatch in the floor here.
You slide downwards.
The hatch slams shut behind you.
A rat comes into view.
The orc hits you but does no damage. The rat bites you.
Found an escape hatch in the ceiling.
The orc throws a tomahawk.
The tomahawk hits you.
You see here a tomahawk.
A quokka comes into view.
The rat twitches its whiskers.
The orc wizard casts a spell.
The orc wizard blinks!
There is a stone staircase leading up here.
The quokka barely misses you.
The orc priest hits you but does no damage.
The quokka closely misses you.
You climb upwards.
There is a stone staircase leading down here.
Casting: Sandblast (safe; 6% risk of failure)
Confirm with . or Enter, or press ? or * to list all spells.
Aiming: Sandblast (safe; 6% risk of failure)
Press: ? - help, Shift-Dir - straight line, f - orc priest
Aim: an orc priest, wielding a club You miscast Sandblast.
You are very lightly contaminated with residual magic.
Nothing appears to happen.
The orc priest barely misses you. The quokka bites you.
Casting: Sandblast (safe; 6% risk of failure)
Confirm with . or Enter, or press ? or * to list all spells.
Aiming: Sandblast (safe; 6% risk of failure)
Press: ? - help, Shift-Dir - straight line, f/p - orc priest
Aim: an orc priest, wielding a club You miscast Sandblast.
Nothing appears to happen.
The orc priest closely misses you. The quokka misses you.
Casting: Sandblast (safe; 6% risk of failure)
Confirm with . or Enter, or press ? or * to list all spells.
Aiming: Sandblast (safe; 6% risk of failure)
Press: ? - help, Shift-Dir - straight line, f/p - orc priest
Aim: an orc priest, wielding a club The blast of sand hits the orc priest.
The orc priest is heavily wounded.
b - 39 stones The quokka bites you but does no damage.
The orc priest barely misses you.
Casting: Sandblast (safe; 6% risk of failure)
Confirm with . or Enter, or press ? or * to list all spells.
Aiming: Sandblast (safe; 6% risk of failure)
Press: ? - help, Shift-Dir - straight line, f/p - orc priest
Aim: an orc priest, wielding a club (heavily wounded)
The blast of sand hits the orc priest.
The orc priest is almost dead.
b - 38 stones The quokka misses you.
The orc priest calls down the wrath of Beogh upon you.
Beogh smites you!
Ouch! That really hurt!
You die...

#############
#...........#
#.#########.# ########.#
#.# # .......o@# #.# #
######r.#########.######
#!......%.............
#.##..####.####.......
#.....# #.# ########
#.##.## ##.#######....
#.##.# #..........###
#.##.# #..#######
#.##..###..######


You could see an orc priest and a quokka.

Vanquished Creatures
  2 oozes
  A dart slug (D:1)
  A leopard gecko (D:2)
  An orc (D:2)
  A hobgoblin (D:1)
  2 jackals (D:1)
  A kobold (D:2)
  A quokka (D:2)
  2 frilled lizards (D:2)
  A rat (D:2)
13 creatures vanquished.

Notes
Turn   | Place    | Note
-------+----------+-------------------------------------------
     0 | D:1      | Amnesiac the Mummy Earth Elementalist began the quest for the Orb.
     0 | D:1      | Reached XP level 1. HP: 13/13 MP: 4/4
   362 | D:1      | Reached XP level 2. HP: 12/19 MP: 6/6
   368 | D:1      | Learned a level 2 spell: Passwall
   585 | D:2      | Reached skill level 1 in Transmutations
   748 | D:2      | Killed from afar by an orc priest

Vault maps used:
D:1:      ebering_hopf_link, wad_floor_pattern_1
D:2:      cheibrodos_greedy_goblins, first_ration
D:3:      old_standard_altar, uniq_ijyb

Skill      XL: |  1  2 |
---------------+-------+-----
Spellcasting   | 3 |  3.1
Earth Magic    | 3 |  3.1
Transmutations | 1 |  1.0
Dodging        | |  1.5
Stealth        | |  1.5

Action                   || total
-------------------------++-------
 Fire: Hunting sling     ||    34
 Cast: Sandblast         ||     8
Armor: Robe              ||     5
Dodge: Dodged            ||    21

Table legend:
 A = Spawn XP
 B = Non-spawn XP
 C = Spawn XP percentage of total XP
 D = Spawn monster count
 E = Non-spawn monster count
 F = Spawn count percentage of total count
 G = Total turns spent on level
                    A         B        C        D         E        F      G
               +---------+---------+-------+---------+---------+-------+---------
         Total |       0 |      37 |   0.0 |       0 |      13 |   0.0 |   748
               +---------+---------+-------+---------+---------+-------+---------
           D:1 |       0 |      17 |   0.0 |       0 |       5 |   0.0 |   442
           D:2 |       0 |      20 |   0.0 |       0 |       8 |   0.0 |   298
               +---------+---------+-------+---------+---------+-------+---------
